 Dungeon Crawl Stone Soup version 0.23.2-33-g5129a83184 (webtiles) character file.

Game seed: 3777059000826781833

17541 FishyPogo the Fighter (level 12, -1/96 HPs)
             Began as a Pale Draconian Air Elementalist on Aug 10, 2019.
             Was a High Priest of Hepliaklqana.
             Slain by a spiny frog (6 damage)
             ... on level 2 of the Lair of Beasts on Aug 11, 2019.
             The game lasted 01:52:54 (14160 turns).

FishyPogo the Fighter (DrAE)                       Turns: 14160, Time: 01:52:55

Health: -1/96      AC: 14    Str: 12    XL:     12   Next: 19%
Magic:  18/19      EV: 18    Int: 17    God:    Hepliaklqana [*****.]
Gold:   596        SH:  0    Dex: 14    Spells: 5/21 levels left

rFire    . . .     SeeInvis .   H - +5 long sword (flame)
rCold    . . .     Gourm    .   (no shield)
rNeg     . . .     Faith    +   (armour unavailable)
rPois    .         Spirit   .   C - +1 hat
rElec    .         Reflect  .   Z - +2 cloak {+Inv}
rCorr    .         Harm     .   O - +0 pair of gloves
MR       +....                  P - +0 pair of boots
Stlth    +++.......             v - amulet of faith
HPRegen  0.26/turn              n - ring of protection from magic
MPRegen  0.16/turn              I - ring of stealth

@: short of breath
A: breathe steam, unfitting armour, reduced essence, cold-blooded, AC +8
a: Breathe Steam, Recall Ancestor, Ancestor Identity, Transference, Idealise,
Renounce Religion, Evoke Invisibility


You were on level 2 of the Lair of Beasts.
You worshipped Hepliaklqana.
Hepliaklqana was extremely pleased with you.
You were near starving.

You visited 2 branches of the dungeon, and saw 13 of its levels.

You collected 745 gold pieces.
You spent 149 gold pieces at shops.

Inventory:

Hand Weapons
 a - a +1 whip of holy wrath
 b - a +4 falchion of freezing
 A - a +0 dagger of speed
 H - a +5 long sword of flaming (weapon)
 L - a +0 spear of piercing
Missiles
 g - 416 stones (quivered)
 u - 3 throwing nets
Armour
 h - a +0 pair of gloves
 C - a +1 hat (worn)
 O - a +0 pair of gloves (worn)
 P - a +0 pair of boots (worn)
 Z - a +2 cloak of invisibility (worn)
Jewellery
 n - a ring of protection from magic (left hand)
 v - an amulet of faith (around neck)
 I - a ring of stealth (right hand)
 J - an uncursed ring of wizardry
 N - an uncursed amulet of guardian spirit {unknown}
Wands
 j - a wand of polymorph (7)
 m - a wand of paralysis (3)
 D - a wand of iceblast (7)
 E - a wand of disintegration (13)
Scrolls
 c - a scroll of identify
 d - 2 scrolls of teleportation
 f - 8 scrolls of remove curse
 i - 5 scrolls of enchant armour
 k - 3 scrolls of fog
 l - 3 scrolls of blinking
 r - 2 scrolls of immolation
 z - 3 scrolls of torment
 F - 3 scrolls of summoning
 K - a scroll of holy word {unknown}
Potions
 e - 3 potions of haste
 o - 3 potions of flight
 p - a potion of lignification
 q - a potion of cancellation
 s - 4 potions of invisibility
 t - 4 potions of curing
 w - a potion of might {unknown}
 x - a potion of magic
 B - a potion of ambrosia
 G - 2 potions of mutation {unknown}
Miscellaneous
 M - a phantom mirror
Comestibles
 y - 29 rations


   Skills:
 * Level 10.3 Fighting
 + Level 5.5 Long Blades
 * Level 9.5 Dodging
 - Level 2.0 Stealth
 - Level 5.0 Spellcasting
 - Level 5.0 Conjurations
 - Level 2.0 Hexes
 + Level 9.3 Air Magic
 - Level 8.0 Invocations
 + Level 3.4 Evocations


You had 5 spell levels left.
You knew the following spells:

 Your Spells              Type           Power        Failure   Level  Hunger
a - Shock                 Conj/Air       ####         1%          1    None
b - Swiftness             Chrm/Air       ###.....     3%          2    #......
c - Airstrike             Air            #####.....   3%          4    ####...
d - Static Discharge      Conj/Air       ####....     2%          3    ###....
e - Confusing Touch       Hex            ##....       6%          1    None
f - Lightning Bolt        Conj/Air       ####......   21%         5    ######.

Your spell library contained the following spells:

 Spells                   Type           Power        Failure   Level  Hunger
 Animate Skeleton         Necr           N/A          14%         1    None
 Apportation              Tloc           #.....       14%         1    None
 Summon Small Mammal      Summ           #...         14%         1    None


Dungeon Overview and Level Annotations

Branches:
Dungeon (11/15)            Temple (0/1) D:4            Lair (2/6) D:10
 Shoals (0/4) Lair:2        Snake (0/4) Lair:2          Orc (0/2) D:9

Altars:
Ashenzari
Cheibriados
Elyvilon
Fedhas
Hepliaklqana
Kikubaaqudgha
Nemelex Xobeh
Okawaru
Ru
Trog
Wu Jian
Xom

Shops:
D:8 %   D:9 (   D:10 *

Annotations:
D:11 exclusion: 2 oklob plants


Innate Abilities, Weirdness & Mutations

You can breathe blasts of scalding, opaque steam.
Your pale cyan-grey scales are hard. (AC +8)
You cannot fit into any form of body armour.
You are cold-blooded and may be slowed by cold attacks.
Your life essence is reduced to manifest your ancestor. (-10% HP)


Message History

You see here a wolf corpse.
Okay, then.
Unknown command.
You feel sick. The spiny frog stings you! The spiny frog misses you.
You feel sick. The spiny frog barely misses you. The spiny frog stings you!!
* * * LOW HITPOINT WARNING * * *
You are lethally poisoned!
The spiny frog poisons you!
You see here a black mamba corpse.
You feel better. The spiny frog misses you.
You riposte.
You completely miss the spiny frog.
The spiny frog is severely wounded.
The spiny frog stings you!
* * * LOW HITPOINT WARNING * * *
You are lethally poisoned!
The spiny frog poisons you!
You feel better. The spiny frog stings you!
* * * LOW HITPOINT WARNING * * *
The spiny frog stings you.
You die...

#........... #...........
## ##.†........ #.#####.P
#†>.........
........####...........
..........#.r..........
..........#†...........
...........FF..........
...........@...........
......................
#..........................
.............###..#.###P..#
. .............# ##.### ..
.. .............## ## ..
#.............# #
#.............####### ..P#
#
#...............#.P.###...
#


You could see 2 spiny frogs and a porcupine.

Vanquished Creatures
  Harold (D:8)
  Sonja (D:10)
  Pikel (D:8)
  A manticore (Lair:2)
  3 black mambas (Lair:2)
  2 spiny frogs (Lair:1)
  2 komodo dragons
  2 trolls
  Prince Ribbit (D:8)
  A queen bee (Lair:1)
  2 hippogriffs (Lair:2)
  2 shadows (D:11)
  15 yaks
  8 water moccasins (Lair:2)
  3 porcupines
  2 black bears
  3 sky beasts
  2 orc warriors
  A slave (D:8)
  4 ogres
  A necrophage (D:8)
  5 wolves (Lair:2)
  4 centaurs
  A crocodile (Lair:2)
  2 big kobolds
  2 bullfrogs (Lair:1)
  A scorpion (D:5)
  A water moccasin skeleton (D:5)
  3 wights (D:8)
  16 killer bees
  4 howler monkeys
  A centaur zombie (D:6)
  2 crimson imps
  5 hounds
  A jelly (D:10)
  6 orc priests
  Crazy Yiuf (D:6)
  3 centaur skeletons
  An iguana (D:11)
  Natasha (twice) (D:2)
  8 orc wizards
  2 worker ants
  A hexer (D:8)
  A hound zombie (D:9)
  A hound skeleton (D:4)
  A mummy (D:8)
  2 worker ant zombies (D:8)
  8 adders
  7 gnolls (D:9)
  An adder zombie (D:8)
  An adder skeleton (D:7)
  4 worms
  A dart slug (D:3)
  3 leopard geckos
  58 orcs
  A ball python (Lair:2)
  7 bats
  6 giant cockroaches
  8 goblins
  9 hobgoblins
  19 jackals
  2 quokkas
  5 frilled lizards
  13 kobolds
  2 kobold zombies (D:8)
  2 orc zombies (D:8)
  A quokka skeleton (D:4)
  2 rats
  3 plants
298 creatures vanquished.

Vanquished Creatures (collateral kills)
  A two-headed ogre (D:11)
  Maurice (D:8)
  2 spiny frogs
  A hippogriff (Lair:1)
  6 yaks
  A water moccasin (D:11)
  A black bear (Lair:1)
  An ice beast (D:10)
  3 slaves (D:8)
  2 orc warriors
  A phantom (D:11)
  A crocodile (Lair:1)
  2 bullfrogs
  A water moccasin zombie (D:5)
  A scorpion (Lair:2)
  5 killer bees
  A wight (D:8)
  A crimson imp (D:7)
  A centaur zombie (D:8)
  A bullfrog zombie (D:9)
  An orc priest (D:8)
  An orc wizard (D:8)
  A bullfrog skeleton (D:5)
  An iguana (D:4)
  A worker ant (D:10)
  A killer bee zombie (D:6)
  4 adders
  An ooze (D:3)
  A worm (D:4)
  10 orcs
  2 giant cockroaches (D:3)
  A hobgoblin (D:3)
  4 jackals
  2 kobolds
  A quokka (D:5)
  2 bats (D:3)
  A frilled lizard (D:3)
  A fungus (D:6)
70 creatures vanquished.

Vanquished Creatures (others)
  7 hexers
  4 ancestors
11 creatures vanquished.

Grand Total: 379 creatures vanquished

Notes
Turn   | Place    | Note
-------+----------+-------------------------------------------
     0 | D:1      | FishyPogo the Draconian Air Elementalist began the quest
                  | for the Orb.
     0 | D:1      | Reached XP level 1. HP: 14/14 MP: 3/3
   207 | D:1      | Reached XP level 2. HP: 19/22 MP: 1/5
   212 | D:1      | Learned a level 2 spell: Swiftness
   224 | D:1      | Reached skill level 1 in Fighting
  1167 | D:2      | Reached XP level 3. HP: 21/28 MP: 1/6
  1676 | D:2      | Found a bloodstained altar of Trog.
  1793 | D:2      | Reached skill level 2 in Fighting
  1931 | D:2      | Noticed Natasha
  2080 | D:2      | Reached XP level 4. HP: 35/36 MP: 5/7
  2127 | D:2      | Killed Natasha
  2415 | D:2      | Noticed Natasha
  2424 | D:2      | Killed Natasha
  2651 | D:3      | Found a hazy altar of Hepliaklqana.
  2658 | D:3      | Became a worshipper of Hepliaklqana the Forgotten
  2690 | D:3      | Reached XP level 5. HP: 37/37 MP: 5/8
  2851 | D:3      | Reached skill level 3 in Fighting
  3173 | D:3      | Learned a level 4 spell: Airstrike
  3457 | D:3      | Found an iron altar of Okawaru.
  3527 | D:3      | Reached XP level 6. HP: 45/45 MP: 4/9
  3911 | D:4      | Found a sparkling altar of Nemelex Xobeh.
  3919 | D:4      | Reached * piety under Hepliaklqana
  4195 | D:4      | Found a staircase to the Ecumenical Temple.
  4200 | D:4      | Learned a level 3 spell: Static Discharge
  4280 | D:5      | Entered Level 5 of the Dungeon
  4314 | D:5      | Reached skill level 1 in Invocations
  4314 | D:5      | Your scales start taking on a pale cyan-grey colour.
  4314 | D:5      | Reached skill level 5 in Air Magic
  4314 | D:5      | Reached XP level 7. HP: 40/52 MP: 4/11
  4387 | D:5      | Reached skill level 4 in Fighting
  4439 | D:5      | Found an iron altar of Okawaru.
  4760 | D:6      | Reached ** piety under Hepliaklqana
  4773 | D:6      | Found a shimmering altar of Xom.
  4842 | D:6      | Remembered your ancestor Brother as a hexer
  4991 | D:6      | Reached XP level 8. HP: 52/60 MP: 10/13
  5283 | D:6      | Found a runed translucent door.
  5284 | D:6      | Noticed Crazy Yiuf
  5290 | D:6      | Killed Crazy Yiuf
  5628 | D:7      | Reached skill level 5 in Fighting
  6270 | D:7      | Reached *** piety under Hepliaklqana
  6954 | D:8      | Reached skill level 5 in Dodging
  7011 | D:8      | Reached XP level 9. HP: 62/67 MP: 15/15
  7077 | D:8      | Reached skill level 6 in Fighting
  7084 | D:8      | Found Wella's Food Boutique.
  7233 | D:8      | Noticed Pikel
  7245 | D:8      | Killed Pikel
  7245 | D:8      | Reached skill level 5 in Invocations
  7459 | D:8      | Noticed Maurice
  7619 | D:8      | Killed Maurice
  7647 | D:8      | Found a sacrificial altar of Ru.
  7660 | D:8      | Noticed Prince Ribbit
  7690 | D:8      | Killed Prince Ribbit
  7690 | D:8      | Reached skill level 1 in Long Blades
  7734 | D:8      | Found an ancient bone altar of Kikubaaqudgha.
  7734 | D:8      | Noticed Harold
  7762 | D:8      | Reached skill level 7 in Fighting
  7769 | D:8      | Killed Harold
  7769 | D:8      | Reached XP level 10. HP: 14/77 MP: 0/16
  8093 | D:8      | Found a snail-covered altar of Cheibriados.
  8496 | D:9      | Learned a level 1 spell: Confusing Touch
  8582 | D:9      | Found Xeg Zael's Antique Weapon Shop.
  8657 | D:9      | Found a white marble altar of Elyvilon.
  9000 | D:9      | Reached **** piety under Hepliaklqana
  9204 | D:9      | Found a staircase to the Orcish Mines.
  9237 | D:9      | Found a shattered altar of Ashenzari.
  9370 | D:9      | Reached skill level 5 in Spellcasting
  9418 | D:9      | Found an ornate altar of the Wu Jian Council.
  9550 | D:10     | Entered Level 10 of the Dungeon
  9590 | D:10     | Noticed Sonja
  9598 | D:10     | Killed Sonja
  9598 | D:10     | Reached skill level 1 in Hexes
  9842 | D:10     | Learned a level 5 spell: Lightning Bolt
 10144 | D:10     | Found a staircase to the Lair.
 10253 | D:10     | Found Keylirav's Assorted Antiques.
 10286 | D:10     | Found a shattered altar of Ashenzari.
 10569 | D:11     | Reached skill level 8 in Fighting
 10628 | D:11     | Reached ***** piety under Hepliaklqana
 10650 | D:11     | Reached XP level 11. HP: 84/84 MP: 18/18
 10740 | D:11     | Noticed a two-headed ogre
 10750 | D:11     | Killed a two-headed ogre
 10750 | D:11     | Reached skill level 5 in Conjurations
 11280 | D:11     | Reached skill level 9 in Fighting
 11686 | D:11     | Found a blossoming altar of Fedhas.
 11688 | D:11     | Noticed an oklob plant
 11688 | D:11     | Noticed an oklob plant
 12026 | D:9      | Bought a glowing long sword for 149 gold pieces
 12148 | Lair:1   | Entered Level 1 of the Lair of Beasts
 12540 | Lair:1   | Reached skill level 1 in Evocations
 13354 | Lair:2   | Found a staircase to the Shoals.
 13357 | Lair:2   | Reached skill level 5 in Long Blades
 13560 | Lair:2   | Found a staircase to the Snake Pit.
 13571 | Lair:2   | Reached skill level 10 in Fighting
 13572 | Lair:2   | Reached XP level 12. HP: 85/95 MP: 3/19
 14160 | Lair:2   | Slain by a spiny frog

Skill      XL: |  1  2  3  4  5  6  7  8  9 10 11 12 |
---------------+-------------------------------------+-----
Fighting       | 1 2 3 4 5 7 8 10 | 10.3
Dodging        | 2 3 5 6 7 9 |  9.5
Conjurations   | 2 3 4 5 |  5.0
Air Magic      | 4 5 6 7 8 9 |  9.3
Stealth        | 2 |  2.0
Spellcasting   | 3 4 5 |  5.0
Invocations    | 1 2 4 6 7 8 |  8.0
Long Blades    | 2 3 5 |  5.5
Hexes          | 2 |  2.0
Evocations     | 2 3 |  3.4

Action                   |  1- 3 |  4- 6 |  7- 9 | 10-12 || total
-------------------------+-------+-------+-------+-------++-------
Melee: Club              |    26 |    17 |       |       ||    43
       Tailslap          |     1 |     6 |    10 |    24 ||    41
       Whip              |       |    15 |   117 |       ||   132
       Falchion          |       |       |    14 |    98 ||   112
       Long sword        |       |       |       |    71 ||    71
Throw: Stone             |     7 |    36 |     3 |       ||    46
 Cast: Shock             |    64 |   108 |    98 |   116 ||   386
       Airstrike         |       |       |     3 |    20 ||    23
Invok: Ancestor Life: He |       |       |     1 |       ||     1
       Ancestor Identity |       |       |     1 |       ||     1
       Recall Ancestor   |       |       |     2 |       ||     2
       Idealise          |       |       |       |     2 ||     2
 Abil: Breathe Steam     |       |       |    23 |    55 ||    78
  Use: Scroll            |       |       |     2 |    15 ||    17
       Potion            |       |       |     1 |     2 ||     3
 Stab: Sleeping          |       |     2 |     3 |     2 ||     7
       Distracted        |       |     1 |     1 |     3 ||     5
       Confused          |       |       |       |     4 ||     4
  Eat: Chunk             |     4 |     9 |    10 |    25 ||    48
       Ration            |       |       |     1 |     1 ||     2
Armor: Skin              |    16 |    29 |    48 |    71 ||   164
Dodge: Dodged            |    58 |    60 |   122 |   209 ||   449
       Rpst.: Falchion   |       |       |     1 |    24 ||    25
       Long sword        |       |       |       |    38 ||    38
